 Dungeon Crawl Stone Soup version 0.18-a0-888-gdb73dea (webtiles) character file.

38 4thArraOfDagon the Shooter (level 3, 0/29 HPs)
             Began as a Centaur Hunter on Dec 23, 2015.
             Killed by nerve-wracking pain
             ... invoked by Grinder
              (13 damage)
             ... on level 3 of the Dungeon.
             The game lasted 00:01:26 (187 turns).

4thArraOfDagon the Shooter (Centaur Hunter)          Turns: 187, Time: 00:01:26

Health: 0/29       AC:  4    Str: 20    XL:     3   Next: 25%
Magic:  3/3        EV:  9    Int: 10    God:
Gold:   21         SH:  0    Dex:  9    Spells: 0 memorised, 2 levels left

rFire  . . .     SeeInvis .     a - +1 shortbow
rCold  . . .     Gourm    .     c - +0 leather armour
rNeg   . . .     Faith    .     (shield currently unavailable)
rPois  .         Spirit   .     (no helmet)
rElec  .         Dismiss  .     (no cloak)
rCorr  .         Reflect  .     (no gloves)
SustAt .         Harm     .     (no barding)
MR     .....                    (no amulet)
Stlth  +.........               (no ring)
                                (no ring)

@: mighty, very quick, not resistant to hostile enchantments, very unstealthy
A: hooves 3, deformed body, speed 2, tough skin 3
a: no special abilities


You were on level 3 of the Dungeon.
You were not hungry.

You visited 1 branch of the dungeon, and saw 3 of its levels.

You collected 21 gold pieces.

Inventory:

Hand Weapons
 a - a +1 shortbow (weapon)
 b - a +0 short sword
 h - a +0 short sword
Missiles
 d - 7 arrows (quivered)
Armour
 c - a +0 leather armour (worn)
Scrolls
 g - a scroll of identify {unknown}
Comestibles
 f - a bread ration


   Skills:
 - Level 2.2 Fighting
 * Level 6.7 Bows
 - Level 1.3 Dodging
 - Level 0.5 Stealth


You had 2 spell levels left.
You didn't know any spells.

Dungeon Overview and Level Annotations

Branches:
Dungeon (3/15)

Altars:

Annotations:
D:3 Grinder


Innate Abilities, Weirdness & Mutations

You have hooves in place of feet.
Armour fits poorly on your strangely shaped body.
You cover ground very quickly.
You have extremely tough skin (AC +3).


Message History

Press: ? - help, Shift-Dir - straight line, f/p - Grinder
Aim: Grinder (severely wounded)
You shoot an arrow. The arrow closely misses Grinder.
Unknown command.
Firing (i - inventory):
d - 2 arrows (quivered)
Press: ? - help, Shift-Dir - straight line, f/p - Grinder
Aim: Grinder (severely wounded)
You shoot an arrow. The arrow hits Grinder!
Grinder is almost dead.
Grinder says, "Don't move a muscle."
Unknown command.
Grinder gestures at you.
You barely resist.
Items here: ( [ †† a robe; 6 arrows; the human corpse of Jessica; a giant gecko corpse Unknown command.
d - 7 arrows (gained 6) Grinder gestures at you.
Pain shoots through your body!
You die...

.. #. #[ #.# ...
#.. #..#
#..##..#
#...#..# #.#..#
#@#..#
######(#..##
.......(....#
########.5######
#....>.......
#5###.#...... ..
.(....... #
#).......
.........


You could see Grinder.

Vanquished Creatures
  Jessica (D:3)
  A giant gecko (D:3)
  3 bats (D:1)
  A giant cockroach (D:1)
  5 kobolds
11 creatures vanquished.

Notes
Turn   | Place    | Note
--------------------------------------------------------------
     0 | D:1      | 4thArraOfDagon the Centaur Hunter began the quest for the Orb.
     0 | D:1      | Reached XP level 1. HP: 17/17 MP: 1/1
     0 | D:1      | Yermak: I like new Makh
     0 | D:1      | 4thArraOfDagon: new?
     0 | D:1      | 4thArraOfDagon: whats new ?
    24 | D:1      | Yermak: He got his demon hostility chances shifted
    43 | D:1      | Yermak: in 0.17
   108 | D:1      | Reached XP level 2. HP: 24/24 MP: 2/2
   131 | D:1      | Yermak: Previously I didn't bother to raise invo with him at all
   164 | D:3      | Noticed Jessica
   164 | D:3      | Noticed Grinder
   178 | D:3      | Yermak: Now at 6* and 5 invo you can have small demons at 0% fail
   180 | D:3      | Killed Jessica
   180 | D:3      | Reached skill level 6 in Bows
   180 | D:3      | Reached XP level 3. HP: 12/29 MP: 3/3
   187 | D:3      | Killed from afar by Grinder

Vault maps used:
D:1:      erik_arrival_cave_to_civilisation, hangedman_decor_slide_cut,
          kennysheep_crisscross
D:2:      nicolae_overflow_hidden_temple, serial_aquarium,
          aquarium_bridge_square, aquarium_bridge_square, aquarium_window_fake,
          aquarium_window_corridor_3, aquarium_window_1, aquarium_view_2f,
          aquarium_pool_2
D:3:      uniq_grinder, uniq_jessica

Action                   || total
-------------------------++-------
 Fire: Shortbow          ||    36
  Use: Potion            ||     1
